 Dungeon Crawl Stone Soup version 0.29-a0-813-g4a14ea37d6 (webtiles) character file.

Game seed: 1579868665718400363

191 Mgcat the Shooter (level 5, -1/54 HPs)
             Began as an Ogre Hunter on July 4, 2022.
             Slain by an orc
             ... wielding a +0 mace
              (5 damage)
             ... on level 4 of the Dungeon.
             The game lasted 00:04:28 (3695 turns).

Mgcat the Shooter (Ogre Hunter)                     Turns: 3695, Time: 00:04:28

Health: -1/54      AC:  3    Str: 17    XL:     5   Next: 70%
Magic:  5/5        EV: 11    Int: 10    God:
Gold:   148        SH:  0    Dex: 18    Spells: 4/4 levels left

rFire   . . .      SeeInvis .   a - +0 shortbow
rCold   . . .      Faith    .   (shield currently unavailable)
rNeg    . . .      Spirit   .   c - +0 robe
rPois   .          Reflect  .   (helmet restricted)
rElec   .          Harm     .   (no cloak)
rCorr   +          Rampage  .   (gloves unavailable)
Will    .....                   (boots unavailable)
Stlth   ++........              (no amulet)
HPRegen 0.18/turn               f - ring of resist corrosion
MPRegen 0.09/turn               m - +6 ring of dexterity

@: no status effects
A: large, unfitting armour, tough skin 1
a: no special abilities


You were on level 4 of the Dungeon.
You visited 1 branch of the dungeon, and saw 4 of its levels.

You collected 148 gold pieces.

Inventory:

Hand Weapons
 a - a +0 shortbow (weapon)
Armour
 c - a +0 robe (worn)
Jewellery
 f - a ring of resist corrosion (left hand)
   (You found it on level 1 of the Dungeon)
 j - a +6 ring of intelligence
   (You took it off a goblin on level 3 of the Dungeon)
 m - a +6 ring of dexterity (right hand)
   (You found it on level 3 of the Dungeon)
Scrolls
 b - a scroll of immolation {!r}
 d - a scroll of identify
Potions
 h - 2 potions of curing
 n - a potion of attraction {!q}


   Skills:
 + Level 4.0 Fighting
 * Level 4.0 Ranged Weapons
 + Level 2.7 Dodging
 + Level 1.9 Stealth


You had 4 spell levels left.
You didn't know any spells.
Your spell library was empty.

Dungeon Overview and Level Annotations

Branches:
Dungeon (4/15)
 Temple: D:4-7

Altars:
Kikubaaqudgha


Innate Abilities, Weirdness & Mutations

You are too large for most types of armour.
You have tough skin. (AC +1)


Message History

The orc shouts! x2
The orc barely misses you.
The orc wizard shouts!
Spoiler Alert: The orc wizard might cast Slow, Confuse, Throw Flame, Throw Frost, or go Invisible!
Fire: a) +0 shortbow
Press: ? - help, Q - select action Shift-Dir - straight line, f - orc
Aim: an orc, wielding a +0 war axe and wearing a +0 leather armour (65% to hit)
You shoot an arrow. The arrow barely misses the orc.
The orc barely misses you. x2
Unknown command.
Spoiler Alert: The orc wizard might cast Slow, Confuse, Throw Flame, Throw Frost, or go Invisible!
Okay, then.
Spoiler Alert: The orc wizard might cast Slow, Confuse, Throw Flame, Throw Frost, or go Invisible!
Okay, then.
Spoiler Alert: The orc wizard might cast Slow, Confuse, Throw Flame, Throw Frost, or go Invisible!
Okay, then.
Spoiler Alert: The orc wizard might cast Slow, Confuse, Throw Flame, Throw Frost, or go Invisible!
Unknown command.
Spoiler Alert: The orc wizard might cast Slow, Confuse, Throw Flame, Throw Frost, or go Invisible!
Okay, then.
Spoiler Alert: The orc wizard might cast Slow, Confuse, Throw Flame, Throw Frost, or go Invisible!
Fire: a) +0 shortbow
Press: ? - help, Q - select action Shift-Dir - straight line, f/p - orc
Aim: an orc, wielding a +0 war axe and wearing a +0 leather armour (65% to hit)
You shoot an arrow. The arrow barely misses the orc.
The orc barely misses you. The orc misses you.
Spoiler Alert: The orc wizard might cast Slow, Confuse, Throw Flame, Throw Frost, or go Invisible!
Fire: a) +0 shortbow
Press: ? - help, Q - select action Shift-Dir - straight line, f/p - orc
Aim: an orc, wielding a +0 war axe and wearing a +0 leather armour (65% to hit)
You shoot an arrow. The arrow hits the orc.
The orc is lightly wounded.
The orc hits you with a +0 war axe! The orc closely misses you.
You take 9 damage, and have 20/54 hp.
Spoiler Alert: The orc wizard might cast Slow, Confuse, Throw Flame, Throw Frost, or go Invisible!
Fire: a) +0 shortbow
Press: ? - help, Q - select action Shift-Dir - straight line, f/p - orc
Aim: an orc, wielding a +0 war axe and wearing a +0 leather armour (lightly wounded, 65% to hit)
You shoot an arrow. The arrow hits the orc.
The orc is heavily wounded.
The orc closely misses you. The orc hits you with a +0 mace.
* * * LOW HITPOINT WARNING * * *
The orc barely misses you. x2
You take 4 damage, and have 16/54 hp.
Spoiler Alert: The orc wizard might cast Slow, Confuse, Throw Flame, Throw Frost, or go Invisible!
Fire: a) +0 shortbow
Press: ? - help, Q - select action Shift-Dir - straight line, f/p - orc
Aim: an orc, wielding a +0 war axe and wearing a +0 leather armour (heavily wounded, 65% to hit)
You shoot an arrow. The arrow completely misses the orc.
The orc closely misses you. The orc hits you with a +0 mace.
* * * LOW HITPOINT WARNING * * *
You take 2 damage, and have 14/54 hp.
Spoiler Alert: The orc wizard might cast Slow, Confuse, Throw Flame, Throw Frost, or go Invisible!
Fire: a) +0 shortbow
Press: ? - help, Q - select action Shift-Dir - straight line, f/p - orc
Aim: an orc, wielding a +0 war axe and wearing a +0 leather armour (heavily wounded, 65% to hit)
You shoot an arrow. The arrow hits the orc.
You kill the orc!
The orc closely misses you.
Spoiler Alert: The orc wizard might cast Slow, Confuse, Throw Flame, Throw Frost, or go Invisible!
Things that are here:
a +0 war axe; a +0 leather armour Spoiler Alert: The orc wizard might cast Slow, Confuse, Throw Flame, Throw Frost, or go Invisible!
Spoiler Alert: The orc wizard might cast Slow, Confuse, Throw Flame, Throw Frost, or go Invisible!
Spoiler Alert: The orc wizard might cast Slow, Confuse, Throw Flame, Throw Frost, or go Invisible!
The orc wizard casts a spell.
The orc wizard flickers and vanishes!
Deactivating autopickup; reactivate with Ctrl-A.
The orc attacks as you move away! The orc hits you but does no damage.
The orc attacks as you move away! The orc hits you with a +0 mace.
* * * LOW HITPOINT WARNING * * *
You take 6 damage, and have 10/54 hp.
The orc attacks as you move away! The orc hits you with a +0 mace.
* * * LOW HITPOINT WARNING * * *
You take 4 damage, and have 7/54 hp.
The orc closely misses you.
You see here a fizzy black potion.
e - a fizzy black potion The orc barely misses you.
It was a potion of magic.
Magic courses through your body. The orc closely misses you.
You see here a +1 dagger of flaming.
The orc attacks as you move away! The orc closely misses you.
The orc attacks as you move away! The orc closely misses you.
You feel your willpower return. The orc attacks as you move away!
The orc hits you with a +0 mace.
* * * LOW HITPOINT WARNING * * *
You take 5 damage, and have 5/54 hp.
The orc attacks as you move away! The orc hits you with a +0 mace.
* * * LOW HITPOINT WARNING * * *
You take 1 damage, and have 4/54 hp.
The orc attacks as you move away! The orc closely misses you.
The orc attacks as you move away! The orc barely misses you.
An orc wizard appears from thin air!
Reactivating autopickup.
The orc wizard gestures wildly while chanting.
The orc wizard flickers and vanishes!
Deactivating autopickup; reactivate with Ctrl-A.
The orc attacks as you move away! The orc hits you with a +0 mace.
You die...

#.############.#
###.# #.# #...#
#.# #..o# #o#
....############.#
###....{o.....##.#
#.#########.##.#
#.# #.##o# #.#
#)##@# #.# #{##.#
#.# #o##.# +.#
#.##.# #. #.##.#
#.##.. #.#### #.#
#.#


You could see 2 orcs.

Vanquished Creatures
  An orc priest (D:3)
  4 gnolls (D:3)
  4 adders
  A white imp (D:3)
  A worm (D:3)
  2 dart slugs
  4 orcs
  8 bats
  2 endoplasms (D:2)
  4 giant cockroaches
  13 goblins
  3 hobgoblins
  4 jackals (D:2)
  A quokka (D:1)
  7 ball pythons
  3 frilled lizards
  6 kobolds
  7 rats
75 creatures vanquished.

Notes
Turn   | Place    | Note
-------+----------+-------------------------------------------
     0 | D:1      | Mgcat the Ogre Hunter began the quest for the Orb.
     0 | D:1      | Reached XP level 1. HP: 22/22 MP: 1/1
     3 | D:1      | Reached skill level 3 in Ranged Weapons
   187 | D:1      | Reached XP level 2. HP: 29/29 MP: 2/2
   196 | D:1      | Reached skill level 1 in Stealth
   216 | D:1      | Reached skill level 3 in Fighting
   216 | D:1      | Reached skill level 2 in Dodging
   870 | D:1      | Reached XP level 3. HP: 37/37 MP: 3/3
  1028 | D:2      | Found an ancient bone altar of Kikubaaqudgha.
  1475 | D:2      | Reached XP level 4. HP: 27/45 MP: 4/4
  2686 | D:3      | Reached XP level 5. HP: 21/54 MP: 5/5
  2689 | D:3      | HP: 13/54 [goblin/+3 dagger of holy wrath (3)]
  3241 | D:3      | HP: 13/54 [gnoll/+0 club (2)]
  3336 | D:3      | Reached skill level 4 in Fighting
  3336 | D:3      | Reached skill level 4 in Ranged Weapons
  3663 | D:4      | HP: 10/54 [orc/+0 mace (6)]
  3671 | D:4      | HP: 7/54 [orc/+0 mace (4)]
  3690 | D:4      | HP: 4/54 [orc/+0 mace (6)]
  3695 | D:4      | Slain by an orc

Illustrated notes

Levels and vault maps discovered:
D:1:      roderic_dead_forest, layout_basic, serial_forest,
          infiniplex_forest_clump_small, infiniplex_forest_straight_3,
          infiniplex_forest_straight_2, infiniplex_forest_clump_tiny,
          infiniplex_forest_lined_3, infiniplex_forest_end_double,
          minmay_shallow_snake_nest
D:2:      layout_loops_corners, basic_altar, st_stairs_8, nicolae_eternal_life
D:3:      minmay_angry_zag, layout_loops_ring, minmay_goblin_outpost
D:4:      layout_basic, minmay_pentangle

Skill      XL: |  1  2  3  4  5 |
---------------+----------------+-----
Ranged Weapons | 3 4 |  4.0
Stealth        | 1 |  1.9
Fighting       | 3 4 |  4.0
Dodging        | 2 |  2.7

Action                   |  1- 3 |  4- 6 || total
-------------------------+-------+-------++-------
 Fire: Shortbow          |    77 |   143 ||   220
  Use: Potion            |       |     2 ||     2
       Scroll            |       |     6 ||     6
Armor: Robe              |    17 |    14 ||    31
Dodge: Dodged            |    18 |    54 ||    72

Table legend: (Time is in decaauts)
 A = Elapsed time spent in this place.
 B = Non-inter-level travel time spent in this place.
 C = Inter-level travel time spent in this place.
 D = Time resting spent in this place.
 E = Time spent auto-exploring this place.
 F = Levels seen in this place.
 G = Mean time per level.
                   A        B        C        D        E       F      G
               +--------+--------+--------+--------+--------+-----+--------+
         Total |   3764 |   3684 |     80 |    430 |   2808 |   4 |  941.0 |
       Dungeon |   3764 |   3684 |     80 |    430 |   2808 |   4 |  941.0 |
               +--------+--------+--------+--------+--------+-----+--------+

Top non-repeatable levels by time:
     D:2: 1367 daAuts
     D:3: 1299 daAuts
     D:1: 1043 daAuts
     D:4: 53 daAuts

Table legend:
 A = Kills in this place as a percentage of kills in entire the game.
 B = Kills by you in this place as a percentage of kills by you in the entire game.
 C = Kills by friends in this place as a percentage of kills by friends in the entire game.
 D = Other kills in this place as a percentage of other kills in the entire game.
 E = Experience gained in this place as a percentage of experience gained in the entire game.
 F = Experience gained in this place divided by the number of levels of this place that you have seen.
                   A       B       C       D       E      F
               +-------+-------+-------+-------+-------+----------------------
         Total | 100.0 | 100.0 |   N/A |   N/A | 100.0 |  68.5
       Dungeon | 100.0 | 100.0 |   N/A |   N/A | 100.0 |  68.5
               +-------+-------+-------+-------+-------+----------------------
